 Dungeon Crawl Stone Soup version bcrawl-1.12-8-g964540c432 (webtiles) character file.

Game seed: 8293963993638488532

53 Morbidden the Conjurer (level 3, -1/21 HPs)
             Began as a Fairy Conjurer on June 2, 2019.
             Killed from afar by an orc wizard (6 damage)
             ... with a magic dart
             ... on level 3 of the Dungeon.
             The game lasted 00:02:53 (1431 turns).

Morbidden the Conjurer (Fairy Conjurer)             Turns: 1431, Time: 00:02:53

Health: -1/21      AC:  6    Str:  6    XL:     3   Next: 89%
Magic:  6/9        EV: 16    Int: 19    God:
Gold:   157        SH:  4    Dex: 12    Spells: 4/8 levels left

rFire    . . .     SeeInvis .   k - +1 war axe (elec)
rCold    . . .     Gourm    .   (shield restricted)
rNeg     . . .     Faith    .   (armour unavailable)
rPois    .         Spirit   .   c - +0 helmet
rElec    .         Reflect  .   e - +0 cloak
rCorr    .         Harm     .   (no gloves)
MR       .....                  (no boots)
Stlth    +.........             i - amulet of magic regeneration
HPRegen  0.07/turn              (no ring)
MPRegen  0.36/turn              (no ring)

@: flying evasively, very slightly contaminated, slowed, very slow
A: small, magic attunement, unstealthy, unfitting armour, able to fly, AC/SH +4
a: Stop Flying


You were on level 3 of the Dungeon.
You were not hungry.

You visited 1 branch of the dungeon, and saw 3 of its levels.

You collected 157 gold pieces.

Inventory:

Hand Weapons
 k - a +1 war axe of electrocution (weapon)
Armour
 c - a +0 helmet (worn)
 e - a +0 cloak (worn)
Jewellery
 i - an amulet of magic regeneration (around neck)
Scrolls
 a - a scroll of remove curse {unknown}
 f - 2 scrolls of teleportation {unknown}
 j - a scroll of amnesia
Potions
 d - 2 potions of flight {unknown}
 g - 2 potions of mutation {unknown}
 h - a potion of brilliance {unknown}
Comestibles
 b - 4 rations {!d}


   Skills:
 * Level 0.2 Fighting
 * Level 2.9 Dodging
 + Level 1.7 Stealth
 * Level 3.1 Spellcasting
 + Level 6.1 Conjurations


You had 4 spell levels left.
You knew the following spells:

 Your Spells              Type           Power        Failure   Level  Hunger
a - Iskenderun's Mystic   Conj           ####....     3%          3    None
b - Magic Dart            Conj           ####         1%          1    None

Your spell library contained the following spells:

 Spells                   Type           Power        Failure   Level  Hunger
 Searing Ray              Conj           ####..       1%          2    None
 Fulminant Prism          Conj/Hex       ##........   38%         4    None
 Irradiate                Conj/Tmut      ##........   75%         5    None


Dungeon Overview and Level Annotations

Branches:
Dungeon (3/12)

Altars:


Innate Abilities, Weirdness & Mutations

Your spells do not cause hunger and MP costs are reduced by 1.
Your bright wings attract enemies. (Stealth-)
You cannot fit into any form of body armour.
Your shimmering scales are hard and can block incoming attacks. (AC +4, SH +4)
You are small and have problems with some larger weapons.
You can fly continuously.


Message History

Aim: an orc wizard, wielding a +0 dagger and wearing a +0 robe (severely wounded, fast)
You miscast Iskenderun's Mystic Blast.
You are very lightly contaminated with residual magic.
You smell something strange.
The orc wizard hits you but does no damage.
The orc hits you with a +2 vampiric short sword.
* * * LOW HITPOINT WARNING * * *
The orc wizard misses you. The orc misses you.
The orc hits you but does no damage.
The orc wizard hits you but does no damage.
Casting: Iskenderun's Mystic Blast (safe; 3% risk of failure)
Confirm with . or Enter, or press ? or * to list all spells.
Aiming: Iskenderun's Mystic Blast (safe; 3% risk of failure)
Press: ? - help, Shift-Dir - straight line, f/p - orc wizard
Aim: an orc wizard, wielding a +0 dagger and wearing a +0 robe (severely wounded, fast)
The orb of energy misses the orc wizard.
You block the orc's attack.
The orc wizard points at you and mumbles some strange words.
The magic dart hits you!
You die...

. #######..
.........
#........
#.#####o.......
......)oo....#
#@# ###


You could see an orc wizard and 2 orcs.

Vanquished Creatures
  3 dart slugs
  A leopard gecko (D:2)
  3 orcs (D:3)
  5 bats
  5 hobgoblins
  4 jackals (D:2)
  8 kobolds
  A quokka (D:2)
  A ball python (D:2)
  2 frilled lizards (D:1)
  2 goblins (D:1)
  7 rats
42 creatures vanquished.

Notes
Turn   | Place    | Note
-------+----------+-------------------------------------------
     0 | D:1      | Morbidden the Fairy Conjurer began the quest for the Orb.
     0 | D:1      | Reached XP level 1. HP: 11/11 MP: 6/6
    47 | D:1      | Reached skill level 5 in Conjurations
   101 | D:1      | Reached XP level 2. HP: 17/17 MP: 7/7
  1060 | D:2      | Reached XP level 3. HP: 18/21 MP: 9/9
  1130 | D:2      | Learned a level 3 spell: Iskenderun's Mystic Blast
  1331 | D:2      | Reached skill level 6 in Conjurations
  1431 | D:3      | Killed from afar by an orc wizard

Skill      XL: |  1  2  3 |
---------------+----------+-----
Conjurations   | 5 6 |  6.1
Spellcasting   | 3 |  3.1
Fighting       | |  0.2
Dodging        | |  2.9
Stealth        | |  1.7

Action                   || total
-------------------------++-------
Melee: War axe           ||    16
       Unarmed           ||     4
 Cast: Magic Dart        ||    43
       Iskenderun's Myst ||    12
  Use: Scroll            ||     2
  Eat: Chunk             ||     1
Armor: Skin              ||     9
Dodge: Dodged            ||    42
Block: Other             ||    12
